 Dungeon Crawl Stone Soup version 0.31-a0-187-gba352fbbf7 (webtiles) character file.

Game seed: 7644582958396575282

56 qw the Shooter (level 3, -6/20 HPs)
             Began as a Deep Elf Hunter on June 22, 2023.
             Mangled by a gnoll
             ... wielding a +0 halberd
              (16 damage)
             ... on level 4 of the Dungeon.
             The game lasted 00:00:37 (1710 turns).

qw the Shooter (Deep Elf Hunter)                    Turns: 1710, Time: 00:00:38

Health: -6/20      AC:  4    Str: 10    XL:     3   Next: 71%
Magic:  5/5        EV: 12    Int: 13    God:
Gold:   90         SH:  0    Dex: 18    Spells: 2/2 levels left

rFire   . . .        Y - +0 shortbow
rCold   . . .        (shield currently unavailable)
rNeg    . . .        c - +0 leather armour
rPois   +            (no helmet)
rElec   .            (no cloak)
rCorr   .            g - +0 pair of gloves
SInv    .            (no boots)
Will    .....        (no amulet)
Stlth   ++           d - ring of poison resistance
HPRegen 0.23/turn    (no ring)
MPRegen 0.09/turn

%: no passive effects
@: no status effects
A: no striking features
a: no special abilities


You were on level 4 of the Dungeon.
You visited 1 branch of the dungeon, and saw 4 of its levels.

You collected 117 gold pieces.
You spent 27 gold pieces at shops.


   Skills:
 - Level 1.5 Fighting
 + Level 7.2 Ranged Weapons
 - Level 2.4 Dodging
 - Level 1.2 Stealth


You had 2 spell levels left.
You didn't know any spells.
Your spell library was empty.

Inventory:

Hand Weapons
 Y - a +0 shortbow (weapon)
Armour
 c - a +0 leather armour (worn)
 g - a +0 pair of gloves (worn)
Jewellery
 d - a ring of poison resistance (left hand)
 j - an amulet of faith
Scrolls
 a - a scroll of identify
 i - a scroll of amnesia {unknown}
Potions
 b - a potion of heal wounds
 e - a potion of curing
 f - a potion of enlightenment {unknown}
 h - a potion of might {unknown}

Dungeon Overview and Level Annotations

Branches:
Dungeon (4/15)
 Temple: D:4-7

Altars:
Xom

Shops:
D:2 *

Annotations:
D:3 1 runed translucent door, qw's ghost, amateur DEHu


Message History

There is a stone staircase leading down here.
You climb downwards.
Found a stone staircase leading down.
There is a stone staircase leading up here.
Waypoint 3 assigned to D:4.
Found a stone staircase leading up.
i - a scroll labelled CUMUAR XETIOVUIG You open the door.
Found a shimmering altar of Xom.
There is an open door here.
Found a stone staircase leading up.
j - an amulet of faith
There is a stone staircase leading up here.
You open the door.
A goblin, a hobgoblin and a gnoll come into view.
Found a quarterstaff.
You shoot an arrow. The arrow hits the gnoll.
The gnoll is lightly wounded.
You hear a shout!
The goblin shouts!
A goblin comes into view. It is wielding a +0 club.
The gnoll hits you from afar with a +0 halberd.
You shoot an arrow. The arrow hits the goblin!
You kill the goblin!
The gnoll closely misses you.
You shoot an arrow. The arrow hits the gnoll.
The gnoll is moderately wounded.
The gnoll hits you from afar with a +0 halberd.
You shoot an arrow. The arrow closely misses the goblin.
The arrow closely misses the hobgoblin.
The goblin misses you. The gnoll barely misses you.
You shoot an arrow. The arrow closely misses the goblin.
The arrow hits the hobgoblin.
The hobgoblin is almost dead.
The goblin barely misses you.
The gnoll hits you from afar with a +0 halberd.
You shoot an arrow. The arrow barely misses the goblin.
The arrow closely misses the hobgoblin.
The gnoll hits you from afar with a +0 halberd!
Ouch! That really hurt!
You die...

#..####.#..#
##.....#.##.#
#...##.#....#
#....#.######
#....#.#
#..<.#.#
#...##.#
##+##g....#
#..g)@.#..#
#..g#..#..#
#.) #.....#
#. #..#.## #
#..#.# #..#.#
...#.# ....


You could see a gnoll, a hobgoblin and a goblin.

Vanquished Creatures
  A worm (D:2)
  6 endoplasms
  2 giant cockroaches
  5 goblins
  4 hobgoblins
  3 jackals (D:1)
  6 kobolds
  3 quokkas
  3 ball pythons
  7 bats
  5 frilled lizards
  4 rats
49 creatures vanquished.

Notes
Turn   | Place    | Note
-------+----------+-------------------------------------------
     0 | D:1      | qw the Deep Elf Hunter began the quest for the Orb.
     0 | D:1      | Reached XP level 1. HP: 12/12 MP: 3/3
     0 | D:1      | 0 ||| qw: Version: 0.3-a-9-g12657ce
     0 | D:1      | 0 ||| qw: Game counter: 2508
     0 | D:1      | 0 ||| qw: Always use a shield: true
     0 | D:1      | 0 ||| qw: God list: Okawaru
     0 | D:1      | 0 ||| qw: Allow faded altars: false
     0 | D:1      | 0 ||| qw: Do Orc after D:15 true
     0 | D:1      | 0 ||| qw: Do second Lair branch before Depths: true
     0 | D:1      | 0 ||| qw: Lair rune preference: random
     0 | D:1      | 0 ||| qw: Plans: Normal
     0 | D:1      | 0 ||| PLANNING D:1-11
    54 | D:1      | Reached skill level 6 in Ranged Weapons
    54 | D:1      | Reached XP level 2. HP: 16/16 MP: 4/4
   280 | D:1      | Found a faded altar of an unknown god.
   525 | D:1      | Reached XP level 3. HP: 20/20 MP: 5/5
   537 | D:1      | 537 ||| UPGRADING to ring of poison resistance.
   538 | D:1      | 538 ||| DROPPING scroll of butterflies.
   615 | D:2      | Found Alauk's Assorted Antiques.
   627 | D:2      | 627 ||| BUYING bubbling ruby potion (27 gold).
   627 | D:2      | Bought a bubbling ruby potion for 27 gold pieces
   627 | D:2      | 627 ||| SHOPLISTING scratched diamond ring (150 gold, have
                  | 13).
   627 | D:2      | 627 ||| SHOPLISTING scroll labelled ITHROCV MOQISTU (30
                  | gold, have 13).
   627 | D:2      | 627 ||| SHOPLISTING scroll labelled SERPHAR KOFA (30 gold,
                  | have 13).
   627 | D:2      | 627 ||| SHOPLISTING spiked leather armour (210 gold, have
                  | 13).
   725 | D:2      | Reached skill level 7 in Ranged Weapons
  1098 | D:2      | 1098 ||| UPGRADING to +0 pair of gloves.
  1103 | D:2      | 1103 ||| READING scroll labelled ITHROCV MOQISTU.
  1255 | D:3      | Found a runed translucent door.
  1255 | D:3      | Noticed qw's ghost (amateur DEHu)
  1600 | D:3      | 1600 ||| DRINKING 2 puce potions.
  1601 | D:3      | 1601 ||| READING 2 scrolls of identify.
  1601 | D:3      | 1601 ||| IDENTIFYING bubbling ruby potion
  1662 | D:4      | Found a shimmering altar of Xom.
  1710 | D:4      | Mangled by a gnoll

Levels and vault maps discovered:
D:1:      dpeg_arrival_solitude, layout_basic, chequers_ecumenical_altar_grove
D:2:      layout_basic, serial_shops, shop
D:3:      layout_basic, ebering_ghost_inner_flame
D:4:      corexii_shantytown, layout_basic, kennysheep_little_box,
          kennysheep_mini, minmay_temple_entry_junction, uniq_crazy_yiuf_cottage

Skill      XL: |  1  2  3 |
---------------+----------+-----
Ranged Weapons | 6 7 |  7.2
Fighting       | |  1.5
Dodging        | |  2.4
Stealth        | |  1.2

Action                     || total
---------------------------++-------
   Fire: Shortbow          ||   134
    Use: Scroll            ||     2
         Potion            ||     1
 Armour: Leather armour    ||     7
  Dodge: Dodged            ||    32

Table legend:
 A = Non-vault XP
 B = Vault XP
 C = Vault XP percentage of total XP
 D = Non-vault monster count
 E = Vault monster count
 F = Vault count percentage of total count
                 A         B        C        D         E       F
            +---------+---------+-------+---------+---------+-------
      Total |      79 |       2 |   2.5 |      48 |       1 |   2.0
            +---------+---------+-------+---------+---------+-------
        D:1 |      43 |       0 |   0.0 |      26 |       0 |   0.0
        D:2 |      28 |       0 |   0.0 |      15 |       0 |   0.0
        D:3 |       8 |       0 |   0.0 |       7 |       0 |   0.0
        D:4 |       0 |       2 | 100.0 |       0 |       1 | 100.0
            +---------+---------+-------+---------+---------+-------
